 Dungeon Crawl Stone Soup version 0.23.1-41-g7e51ed3 (webtiles) character file.

Game seed: 16925581097288617990

10782 Borgoz the Protected (level 11, -5/64 HPs)
             Began as a Gargoyle Gladiator on Mar 30, 2019.
             Was a Believer of Ashenzari.
             Slain by a yak (10 damage)
             ... on level 11 of the Dungeon.
             The game lasted 00:23:56 (12256 turns).

Borgoz the Protected (Gargoyle Gladiator)          Turns: 12256, Time: 00:23:57

Health: -5/64      AC: 23    Str: 18    XL:     11   Next: 67%
Magic:  12/12      EV: 16    Int:  9    God:    Ashenzari [**....]
Gold:   572        SH:  0    Dex: 14    Spells: 7/11 levels left

rFire    + . .     SeeInvis .   a - +1 dagger (venom)
rCold    + + .     Gourm    .   (no shield)
rNeg     + . .     Faith    .   u - +0 ring mail
rPois    ∞         Spirit   .   I - +0 helmet
rElec    +         Reflect  .   r - scarf {rC+ rF+}
rCorr    .         Harm     .   q - +0 pair of gloves
MR       .....                  (no boots)
Stlth    +++.......             J - amulet of rage
HPRegen  0.20/turn              G - +5 ring of protection
MPRegen  0.13/turn              x - ring of protection from cold

@: no status effects
A: negative energy resistance 1, electricity resistance, unbreathing,
petrification resistance, rot immunity, AC +8
a: Curse Item, Scrying, Renounce Religion, Evoke Berserk Rage


You were on level 11 of the Dungeon.
You worshipped Ashenzari.
Ashenzari was pleased with you.
You were hungry.

You visited 2 branches of the dungeon, and saw 12 of its levels.
You also visited: Ossuary.

You collected 572 gold pieces.

Inventory:

Hand Weapons
 a - a +1 dagger of venom (weapon)
 b - a +2 antimagic short sword
 c - a +1 vampiric rapier
 m - a +0 rapier
Missiles
 j - 8 tomahawks (quivered)
 L - 5 javelins
Armour
 q - a +0 pair of gloves (worn)
 r - a scarf of resistance (worn)
 t - a +4 scale mail
 u - a +0 ring mail (worn)
 I - a +0 helmet (worn)
Jewellery
 x - a ring of protection from cold (right hand)
 G - a +5 ring of protection (left hand)
 J - an amulet of rage (around neck)
Wands
 s - a wand of random effects (36)
 y - a wand of iceblast (14)
 E - a wand of polymorph (11)
Scrolls
 d - 2 scrolls of noise {unknown}
 e - 4 scrolls of enchant armour {unknown}
 i - 6 scrolls of blinking
 k - 8 scrolls of remove curse
 l - 10 scrolls of teleportation
 n - 5 scrolls of magic mapping
 p - 2 scrolls of fog {unknown}
 v - 2 scrolls of enchant weapon {unknown}
 w - 2 scrolls of fear {unknown}
 D - 2 scrolls of immolation {unknown}
Potions
 g - 2 potions of flight
 h - 4 potions of curing
 o - 2 potions of mutation
 z - 3 potions of brilliance
 A - 2 potions of might
 B - a potion of resistance
 C - 2 potions of magic
 H - a potion of blood
Comestibles
 f - 20 rations
 F - a chunk of flesh


   Skills:
 + Level 5.9 Fighting
 * Level 9.6 Short Blades
 + Level 2.0 Throwing
 * Level 10.8 Armour
 * Level 8.8 Dodging
 + Level 6.1 Stealth
 + Level 0.8 Spellcasting
 + Level 1.0 Hexes
 + Level 0.7 Charms
 + Level 0.8 Necromancy
 * Level 2.4 Evocations


You had 7 spell levels left.
You knew the following spells:

 Your Spells              Type           Power        Failure   Level  Hunger
a - Confusing Touch       Hex            #.....       36%         1    ##.....
b - Regeneration          Chrm/Necr      #.........   78%         3    ####...

Your spell library contained the following spells:

 Spells                   Type           Power        Failure   Level  Hunger
 Corona                   Hex            #......      36%         1    ##.....
 Animate Skeleton         Necr           N/A          38%         1    ##.....
 Infusion                 Chrm           #...         41%         1    ##.....
 Slow                     Hex            #.......     50%         2    ###....
 Apportation              Tloc           #.....       52%         1    ##.....
 Summon Small Mammal      Summ           #...         52%         1    ##.....
 Song of Slaying          Chrm           #.......     56%         2    ###....
 Shroud of Golubria       Chrm/Tloc      #.........   61%         2    ###....
 Spectral Weapon          Hex/Chrm       #.......     77%         3    ####...
 Inner Flame              Hex/Fire       #.......     82%         3    ####...
 Portal Projectile        Hex/Tloc       #.....       82%         3    ####...
 Cause Fear               Hex            #.........   98%         4    #####..
 Leda's Liquefaction      Hex/Erth       #.........   99%         4    #####..


Dungeon Overview and Level Annotations

Branches:
Dungeon (11/15)            Temple (1/1) D:4            Lair (0/6) D:11
    Orc (0/2) D:9

Altars:
Ashenzari
Cheibriados
Dithmenos
Elyvilon
Fedhas
Gozag
Hepliaklqana
Kikubaaqudgha
Makhleb
Nemelex Xobeh
Okawaru
Qazlal
Ru
Sif Muna
Trog
Uskayaw
Vehumet
Wu Jian
Xom
Yredelemnul
Zin
The Shining One

Shops:
D:6 (


Innate Abilities, Weirdness & Mutations

You are resistant to torment.
Your stone body is resilient. (AC +8)
You are immune to poison.
You resist negative energy. (rN+)
You are resistant to electric shocks. (rElec)
You can survive without breathing.
You are immune to petrification.
You are immune to rotting.


Message History

The crimson imp is severely wounded.
The yak misses you.
The crimson imp laughs crazily.
The crimson imp barely misses you.
You closely miss the crimson imp.
The crimson imp is heavily wounded.
The basilisk misses you.
The necrophage hits you but does no damage.
The yak closely misses you.
Unknown command.
You hit the yak but do no damage.
The yak looks as sick as possible!
The yak is severely wounded.
The crimson imp barely misses you.
You hit the crimson imp but do no damage.
The crimson imp looks as sick as possible!
The crimson imp is almost dead.
The basilisk misses you.
The necrophage hits you but does no damage.
The yak gores you!
You die...

, **#.... #.)....# ,
P........#)))...# , ,
.........+))†...# ,
...P........#......#
P............#......####*
.PP.P.....####..........
PP.P..P......#..........
...>..P.......#l.........
....P♣P...♣..YYn@........
.♣.P......P...#Y5........
..P......†....#..........
,
..P..P.♣.P#####......####*
.....P..n.....#......'...
,
♣......P......#..÷...#...
,
.P............#......#...
.#............#......# ##*
.#........>...#......#,, ,


You could see 3 yaks, a basilisk, a necrophage and a crimson imp.

Vanquished Creatures
  2 two-headed ogres (D:8)
  An ugly thing (D:11)
  Grinder (D:3)
  A meliai zombie (D:11)
  3 hippogriffs
  7 yaks
  A vampire (D:11)
  2 hungry ghosts
  4 porcupines (D:11)
  Duvessa (D:6)
  2 sky beasts
  5 orc warriors
  An ice beast (D:7)
  4 phantoms
  4 centaurs
  11 ogres
  2 crocodiles
  4 bullfrogs
  A big kobold (D:5)
  Dowan (D:6)
  A wyvern zombie (D:9)
  2 water moccasin skeletons
  2 scorpions (D:5)
  6 killer bees (D:8)
  4 howler monkeys
  A bullfrog skeleton (D:7)
  4 jellies
  7 orc priests
  An iguana (D:11)
  10 orc wizards
  3 worker ants
  A hound zombie (D:6)
  12 mummies (Ossuary)
  A worker ant zombie (D:5)
  4 gnolls
  A howler monkey skeleton (D:6)
  13 adders
  A shadow imp (D:4)
  An ooze (D:1)
  An adder skeleton (D:6)
  An adder zombie (D:5)
  4 worms
  3 dart slugs
  6 leopard geckos
  29 orcs
  5 giant cockroaches
  11 goblins
  6 hobgoblins
  11 jackals
  13 kobolds
  7 quokkas
  2 ball pythons
  6 bats
  3 frilled lizards
  A gnoll skeleton (Ossuary)
  4 goblin skeletons (Ossuary)
  A jackal skeleton (D:5)
  A kobold skeleton (Ossuary)
  A leopard gecko skeleton (D:4)
  A leopard gecko zombie (D:5)
  2 orc skeletons (Ossuary)
  7 rats
  11 rat skeletons (Ossuary)
270 creatures vanquished.

Vanquished Creatures (others)
  A fungus (D:11)
1 creature vanquished.

Grand Total: 271 creatures vanquished

Notes
Turn   | Place    | Note
-------+----------+-------------------------------------------
     0 | D:1      | Borgoz the Gargoyle Gladiator began the quest for the Orb.
     0 | D:1      | Reached XP level 1. HP: 12/12 MP: 1/1
   143 | D:1      | Reached XP level 2. HP: 17/17 MP: 2/2
   217 | D:1      | Reached skill level 1 in Armour
   279 | D:1      | Reached XP level 3. HP: 19/22 MP: 3/3
   585 | D:2      | Reached skill level 1 in Stealth
   761 | D:2      | Reached XP level 4. HP: 21/27 MP: 4/4
   850 | D:2      | Reached skill level 2 in Armour
  1582 | D:3      | Reached XP level 5. HP: 31/31 MP: 5/5
  1611 | D:3      | Noticed Grinder
  1646 | D:3      | Paralysed by Grinder for 3 turns
  1678 | D:3      | Paralysed by Grinder for 4 turns
  1683 | D:3      | Killed Grinder
  1683 | D:3      | Reached skill level 3 in Armour
  1683 | D:3      | Reached XP level 6. HP: 8/37 MP: 6/6
  2504 | D:4      | Found a sand-covered staircase.
  2526 | D:4      | Noticed a phantom
  2612 | D:4      | Killed a phantom
  2612 | D:4      | Reached XP level 7. HP: 36/41 MP: 7/7
  2811 | Ossuary  | Entered an ossuary
  2909 | Ossuary  | Reached skill level 4 in Armour
  4147 | D:4      | Reached XP level 8. HP: 23/48 MP: 8/8
  4386 | D:4      | Found a staircase to the Ecumenical Temple.
  4538 | Temple   | Entered the Ecumenical Temple
  4712 | Temple   | Became a worshipper of Ashenzari the Shackled
  4842 | D:5      | Entered Level 5 of the Dungeon
  4922 | D:5      | Reached skill level 5 in Short Blades
  4922 | D:5      | Reached skill level 5 in Armour
  5241 | D:5      | Found a glowing silver altar of Zin.
  5443 | D:5      | Reached skill level 5 in Dodging
  5633 | D:6      | Reached skill level 9 in Armour
  5633 | D:6      | Reached XP level 9. HP: 52/52 MP: 3/9
  5650 | D:6      | Found Nilaicem's Weapon Emporium.
  5722 | D:6      | Reached XP level 10. HP: 19/58 MP: 3/10
  5806 | D:6      | Noticed Duvessa
  5807 | D:6      | Noticed Dowan
  5849 | D:6      | Killed Duvessa
  5860 | D:6      | Killed Dowan
  6464 | D:6      | Reached * piety under Ashenzari
  8062 | D:8      | Reached skill level 5 in Fighting
  8362 | D:8      | Reached ** piety under Ashenzari
  8587 | D:8      | Noticed a two-headed ogre
  8615 | D:8      | Killed a two-headed ogre
  8615 | D:8      | Reached skill level 10 in Armour
  8615 | D:8      | Reached skill level 5 in Stealth
  9110 | D:8      | Noticed a two-headed ogre
  9128 | D:8      | Killed a two-headed ogre
  9406 | D:9      | Found a staircase to the Orcish Mines.
  9460 | D:9      | Reached XP level 11. HP: 31/64 MP: 11/11
  9825 | D:9      | Reached skill level 1 in Evocations
 10773 | D:10     | Entered Level 10 of the Dungeon
 11221 | D:10     | Learned a level 1 spell: Confusing Touch
 11225 | D:10     | Learned a level 3 spell: Regeneration
 11623 | D:11     | Found a staircase to the Lair.
 11933 | D:11     | Noticed a brown ugly thing
 12077 | D:11     | Killed a brown ugly thing
 12081 | D:11     | HP: 2/64 [meliai zombie (5)]
 12240 | D:11     | Reached skill level 1 in Hexes
 12256 | D:11     | Slain by a yak

Skill      XL: |  1  2  3  4  5  6  7  8  9 10 11 |
---------------+----------------------------------+-----
Armour         | 1 2 3 4 9 10 | 10.8
Short Blades   | 3 4 8 9 |  9.6
Stealth        | 1 2 3 4 5 6 |  6.1
Dodging        | 3 4 7 8 |  8.8
Fighting       | 3 4 5 |  5.9
Evocations     | 2 |  2.4
Throwing       | 2 |  2.0
Hexes          | 1 |  1.0
Spellcasting   | |  0.8
Charms         | |  0.7
Necromancy     | |  0.8

Action                   |  1- 3 |  4- 6 |  7- 9 | 10-12 || total
-------------------------+-------+-------+-------+-------++-------
Melee: Rapier            |   128 |   186 |   299 |       ||   613
       Short sword       |       |       |   199 |   199 ||   398
       Dagger            |       |       |       |   822 ||   822
Throw: Throwing net      |       |     3 |     5 |     4 ||    12
 Abil: Evoke Berserk Rag |       |       |       |     2 ||     2
  Use: Potion            |       |     2 |     2 |    11 ||    15
       Scroll            |       |       |     9 |     5 ||    14
 Stab: Sleeping          |       |     4 |     1 |     4 ||     9
       Held in net/web   |       |     2 |     2 |     3 ||     7
  Eat: Chunk             |       |     5 |     8 |    27 ||    40
       Ration            |       |       |     1 |     1 ||     2
Armor: Leather armour    |    46 |    58 |       |       ||   104
       Ring mail         |       |    22 |   174 |   354 ||   550
Dodge: Dodged            |    73 |    95 |   287 |   687 ||  1142
